 Dungeon Crawl Stone Soup version 0.31.0-11-ge490571c62 (webtiles) character file.

Game seed: 9613479019632015040

45 qw the Shooter (level 3, -1/20 HPs)
             Began as a Deep Elf Hunter on Feb 4, 2024.
             Slain by Terence
             ... wielding a +1 trident of venom
              (4 damage)
             ... on level 2 of the Dungeon.
             The game lasted 00:00:20 (1295 turns).

qw the Shooter (Deep Elf Hunter)                    Turns: 1295, Time: 00:00:20

Health: -1/20      AC:  6    Str: 10    XL:     3   Next: 42%
Magic:  5/5        EV: 12    Int: 13    God:
Gold:   60         SH:  0    Dex: 18    Spells: 2/2 levels left

rFire   . . .        a - +0 shortbow
rCold   . . .        (shield currently unavailable)
rNeg    . . .        c - +0 leather armour
rPois   .            (no helmet)
rElec   .            k - +0 cloak
rCorr   .            e - +1 pair of gloves
SInv    .            (no boots)
Will    .....        (no amulet)
Stlth   ++           (no ring)
HPRegen 0.23/turn    (no ring)
MPRegen 0.09/turn

%: no passive effects
@: lethally poisoned (-1 -> -9)
A: no striking features
a: no special abilities


You were on level 2 of the Dungeon.
You visited 1 branch of the dungeon, and saw 2 of its levels.

You collected 60 gold pieces.


   Skills:
 - Level 1.5 Fighting
 + Level 7.0 Ranged Weapons
 - Level 2.4 Dodging
 - Level 1.2 Stealth


You had 2 spell levels left.
You didn't know any spells.
Your spell library was empty.

Inventory:

Hand Weapons
 a - a +0 shortbow (weapon)
Armour
 c - a +0 leather armour (worn)
 e - a +1 pair of gloves (worn)
 k - a +0 cloak (worn)
Scrolls
 b - 3 scrolls of fear {unknown}
Potions
 d - a potion of curing
 f - a potion of invisibility {unknown}
 h - a potion of haste {unknown}

Dungeon Overview and Level Annotations

Branches:
Dungeon (2/15)

Altars:

Shops:
D:1 (

Annotations:
D:2 Terence


Message History

Your +1 pair of gloves melds into your body.
Your +0 leather armour melds into your body.
Terence misses you. Terence barely misses you. Terence misses you.
Terence hits you from afar with a +1 trident of venom.
Terence barely misses you. Terence closely misses you. Terence misses you.
Terence completely misses you.
Your transformation is almost over.
Terence misses you. Terence closely misses you.
Terence hits you from afar with a +1 trident of venom.
Terence barely misses you.
Terence hits you from afar with a +1 trident of venom.
Terence closely misses you. Terence barely misses you. Terence misses you.
Terence hits you from afar with a +1 trident of venom.
Terence closely misses you.
You stop sporulating.
Your +0 shortbow unmelds from your body.
Your +0 cloak unmelds from your body.
Your +1 pair of gloves unmelds from your body.
Your +0 leather armour unmelds from your body.
Terence misses you.
You shoot an arrow.
The arrow hits Terence but does no damage.
Terence shouts, "Get ready for death!"
Terence barely misses you. Terence screams, "I want your blood!"
Terence hits you from afar with a +1 trident of venom.
You are lethally poisoned!
You shoot an arrow. The arrow hits Terence.
Terence is lightly wounded.
You feel very sick.
Terence hits you from afar with a +1 trident of venom.
You die...
Terence says, "Rest in peace."

.... ##########[.#
#)# .### #..###.#
..# ##......# ..#
#+ #.......# ..#
... #.#.###.# ..#
.... #.#.# #.#
..##. ..... ##...#
#.# .....
......####..#.# #.#
.....
.....@'@......###.#
..#.#
......####........#
.##.# .....
##..###### ###.#
.... ##.# # #.# ...
#.## ###.# #+# #..#
....# #.# ##.#
##..# #.# #.# #.###
##.###########.#


You could see Terence.

Vanquished Creatures
  An adder (D:2)
  A dart slug (D:1)
  3 bats (D:1)
  4 endoplasms (D:1)
  A giant cockroach (D:1)
  5 goblins
  6 hobgoblins (D:1)
  2 kobolds (D:1)
  A quokka (D:1)
  2 ball pythons
  A frilled lizard (D:1)
  3 rats
30 creatures vanquished.

Notes
Turn   | Place    | Note
-------+----------+-------------------------------------------
     0 | D:1      | qw the Deep Elf Hunter began the quest for the Orb.
     0 | D:1      | Reached XP level 1. HP: 12/12 MP: 3/3
     0 | D:1      | 0 ||| qw: Version: 0.3-a-160-g6735b56
     0 | D:1      | 0 ||| qw: Game counter: 5691
     0 | D:1      | 0 ||| qw: Melee chars always use a shield: true
     0 | D:1      | 0 ||| qw: God list: Okawaru
     0 | D:1      | 0 ||| qw: Allow faded altars: false
     0 | D:1      | 0 ||| qw: Do Orc after clearing Dungeon:15 true
     0 | D:1      | 0 ||| qw: Do second Lair branch before Depths: true
     0 | D:1      | 0 ||| qw: Lair rune preference: random
     0 | D:1      | 0 ||| qw: Goals: Normal
     0 | D:1      | 0 ||| PLANNING D:1-11
    61 | D:1      | Reached skill level 6 in Ranged Weapons
    61 | D:1      | Reached XP level 2. HP: 16/16 MP: 4/4
   411 | D:1      | Found Deho Ogh's Weapon Emporium.
   417 | D:1      | 417 ||| SHOPLISTING +0 arbalest (49 gold, have 22).
   706 | D:1      | Reached XP level 3. HP: 20/20 MP: 5/5
   853 | D:1      | 853 ||| UPGRADING to +0 pair of gloves.
   858 | D:1      | 858 ||| UPGRADING to +0 cloak.
   863 | D:1      | 863 ||| READING 2 scrolls labelled RAIVUI FAPIU.
   964 | D:1      | 964 ||| READING scroll labelled REYQUIT WUXEDD.
   964 | D:1      | 964 ||| ENCHANTING +0 pair of gloves.
   965 | D:1      | 965 ||| DRINKING 2 glowing amethyst potions.
   966 | D:1      | 966 ||| DRINKING 2 fizzy green potions.
   967 | D:1      | 967 ||| DRINKING potion of curing.
   967 | D:1      | 967 ||| (to cure confusion)
   968 | D:1      | 968 ||| DROPPING scroll of butterflies.
   969 | D:1      | 969 ||| DROPPING potion of ambrosia.
   970 | D:1      | 970 ||| DROPPING scroll of vulnerability.
  1272 | D:2      | Noticed Terence
  1274 | D:2      | Reached skill level 7 in Ranged Weapons
  1295 | D:2      | HP: 3/20 [poisoned by Terence]
  1295 | D:2      | Slain by Terence

Levels and vault maps discovered:
D:1:      beargit_arrival_diablo_church, layout_loops_corners, serial_shops,
          shop
D:2:      layout_loops_corners, nicolae_titane, uniq_terence

Skill      XL: |  1  2  3 |
---------------+----------+-----
Ranged Weapons | 6 7 |  7.0
Fighting       | |  1.5
Dodging        | |  2.4
Stealth        | |  1.2

Action                     || total
---------------------------++-------
   Fire: Shortbow          ||    67
    Use: Potion            ||     3
         Scroll            ||     2
 Armour: Leather armour    ||    11
         Skin              ||     4
  Dodge: Dodged            ||    26

Table legend:
 A = Non-vault XP
 B = Vault XP
 C = Vault XP percentage of total XP
 D = Non-vault monster count
 E = Vault monster count
 F = Vault count percentage of total count
                 A         B        C        D         E       F
            +---------+---------+-------+---------+---------+-------
      Total |      65 |       0 |   0.0 |      30 |       0 |   0.0
            +---------+---------+-------+---------+---------+-------
        D:1 |      49 |       0 |   0.0 |      26 |       0 |   0.0
        D:2 |      16 |       0 |   0.0 |       4 |       0 |   0.0
            +---------+---------+-------+---------+---------+-------
